 Dungeon Crawl Stone Soup version 0.31.0-1-g2c135a008e (webtiles) character file.

Game seed: 10522293046887815798

83 qw the Shooter (level 4, -11/35 HPs)
             Began as a Djinni Hunter on Jan 23, 2024.
             Mangled by Terence
             ... wielding a +0 morningstar of protection
              (12 damage)
             ... on level 2 of the Dungeon.
             The game lasted 00:00:05 (1500 turns).

qw the Shooter (Djinni Hunter)                      Turns: 1500, Time: 00:00:05

Health: -11/35     AC:  3    Str: 10    XL:     4   Next: 71%
Gold:   34         EV: 12    Int: 11    God:
                   SH:  0    Dex: 18

rFire   + + .        a - +0 shortbow
rCold   x . .        (shield currently unavailable)
rNeg    . . .        c - +0 leather armour
rPois   inf          (no helmet)
rElec   .            (no cloak)
rCorr   .            (no gloves)
SInv    .            (boots unavailable)
Will    .....        (no amulet)
Stlth   ++           (no ring)
HPRegen 0.25/turn    (no ring)
MPRegen 0.00/turn

%: infuse magic (-12 HP)
@: flying
A: sickness immunity, fire resistance 2, cold vulnerability 1, float, innate
caster, HP casting, extra vitality 1
a: no special abilities


You were on level 2 of the Dungeon.
You visited 1 branch of the dungeon, and saw 2 of its levels.

You collected 77 gold pieces.
You spent 43 gold pieces at shops.


Innate Abilities, Weirdness & Mutations

You are immune to sickness and miasma.
You are immune to poison.
Your flesh is very heat resistant. (rF++)
You are vulnerable to cold. (rC-)
You float through the air rather than walking.
You learn spells naturally, not from books.
Your magical power is your life essence.
You have superior vitality. (+4 MHP)


   Skills:
 - Level 3.0 Fighting
 + Level 4.0 Ranged Weapons
 - Level 3.0 Dodging
 - Level 0.7 Stealth


You knew the following spells:

 Your Spells              Type           Power      Damage    Failure   Level
a - Shock                 Conj/Air       0%         1d3       43%         1
Your spell library was empty.

Inventory:

Hand Weapons
 a - a +0 shortbow (weapon)
Armour
 c - a +0 leather armour (worn)
Scrolls
 d - a scroll of amnesia {unknown}
 f - a scroll of revelation {unknown}
Potions
 b - a potion of ambrosia {unknown}
 e - 2 potions of mutation {unknown}

Dungeon Overview and Level Annotations

Branches:
Dungeon (2/15)

Altars:

Shops:
D:2 ([**

Annotations:
D:2 Terence


Message History

The bat misses you.
You shoot an arrow. The arrow closely misses Terence.
The bat barely misses you.
Terence hits you with a +0 morningstar of protection!
Terence closely misses you.
You shoot an arrow.
The arrow hits Terence but does no damage.
Terence is moderately wounded.
The bat closely misses you. The bat hits you but does no damage.
Terence closely misses you.
You shoot an arrow. The arrow closely misses Terence.
The bat barely misses you. Terence completely misses you.
You shoot an arrow.
The arrow hits Terence but does no damage.
Terence is moderately wounded.
The bat barely misses you. x2; Terence barely misses you.
You shoot an arrow.
The arrow hits Terence but does no damage.
Terence is moderately wounded.
The bat hits you.
Terence says, "You're history."
Terence hits you with a +0 morningstar of protection.
Terence hits you with a +0 morningstar of protection!
You shoot an arrow. The arrow hits Terence.
Terence is heavily wounded.
The bat closely misses you. The bat hits you but does no damage.
Terence barely misses you. The bat misses you.
You shoot an arrow. The arrow hits Terence.
Terence is severely wounded.
The bat barely misses you. Terence closely misses you.
You shoot an arrow.
The arrow hits Terence but does no damage.
Terence is severely wounded.
The bat hits you but does no damage. Terence barely misses you.
The bat barely misses you.
You shoot an arrow. The arrow barely misses Terence.
The bat hits you.
Terence hits you with a +0 morningstar of protection!
You die...
Terence says, "That felt goooood."

#.#### ... #.# #
#.. #.# # !.. #.#
## #.# #.###.
..### .######.##..
### ###.###)...
...........# #..
....b..@#.#
#######.##.. #.##
#@#.# #.###. #..
#.#.## #.##.. #
#.# #
#.#..########.....
.##.##.###.
#.>...........##..
...........
####.########.###.
.@..# #)# #.# #.
###.# #.# #.# ##
#.# #.# #.####
#.######..# #.#
#.....


You could see Terence and a bat.

Vanquished Creatures
  A gnoll (D:1)
  An adder (D:2)
  2 dart slugs (D:1)
  5 bats (D:1)
  6 endoplasms
  2 giant cockroaches
  6 goblins
  3 hobgoblins (D:1)
  8 jackals
  2 quokkas (D:1)
  6 ball pythons
  A frilled lizard (D:1)
  5 kobolds
  5 rats
53 creatures vanquished.

Notes
Turn   | Place    | Note
-------+----------+-------------------------------------------
     0 | D:1      | qw the Djinni Hunter began the quest for the Orb.
     0 | D:1      | Reached XP level 1. HP: 18/18 MP: 0/0
     0 | D:1      | 0 ||| qw: Version: 0.3-a-135-gb77e89d
     0 | D:1      | 0 ||| qw: Game counter: 807
     0 | D:1      | 0 ||| qw: Melee chars always use a shield: true
     0 | D:1      | 0 ||| qw: God list: Okawaru
     0 | D:1      | 0 ||| qw: Allow faded altars: false
     0 | D:1      | 0 ||| qw: Do Orc after clearing Dungeon:15 true
     0 | D:1      | 0 ||| qw: Do second Lair branch before Depths: true
     0 | D:1      | 0 ||| qw: Lair rune preference: random
     0 | D:1      | 0 ||| qw: Goals: Normal
     0 | D:1      | 0 ||| PLANNING D:1-11
   136 | D:1      | Reached XP level 2. HP: 23/23 MP: 0/0
   264 | D:1      | Reached skill level 4 in Ranged Weapons
   264 | D:1      | Reached XP level 3. HP: 28/28 MP: 0/0
   264 | D:1      | Learned a level 1 spell: Shock
   604 | D:1      | Found a faded altar of an unknown god.
   613 | D:1      | HP: 5/29 [gnoll/+0 spear (9)]
   615 | D:1      | Reached skill level 3 in Fighting
   615 | D:1      | Reached XP level 4. HP: 7/35 MP: 0/0
   875 | D:1      | 875 ||| READING scroll labelled COUXAZOTEH.
   880 | D:1      | 880 ||| DROPPING scroll of butterflies.
   931 | D:2      | Found Tusoam's Assorted Antiques.
   954 | D:2      | 954 ||| BUYING purple potion (20 gold).
   954 | D:2      | Bought a purple potion for 20 gold pieces
   954 | D:2      | 954 ||| BUYING scroll labelled ARHILUFOSS (23 gold).
   954 | D:2      | Bought a scroll labelled ARHILUFOSS for 23 gold pieces
   954 | D:2      | 954 ||| SHOPLISTING scroll labelled ODIEMOANN (23 gold,
                  | have 4).
   954 | D:2      | 954 ||| SHOPLISTING scroll labelled WOOCZU ETEADEL (23
                  | gold, have 4).
   985 | D:2      | Found Wuiq's Antique Weapon Boutique.
   990 | D:2      | Found Wikkuagad's Antique Armour Shoppe.
   998 | D:2      | 998 ||| SHOPLISTING +0 mask of the Dragon {Will+ Slay+3
                  | SInv} (668 gold, have 4).
   998 | D:2      | 998 ||| SHOPLISTING cloak (90 gold, have 4).
   998 | D:2      | 998 ||| SHOPLISTING glowing ring mail (140 gold, have 4).
   998 | D:2      | 998 ||| SHOPLISTING runed leather armour (100 gold, have
                  | 4).
  1015 | D:2      | Found Egehae's Assorted Antiques.
  1025 | D:2      | 1025 ||| SHOPLISTING clear potion (21 gold, have 11).
  1025 | D:2      | 1025 ||| SHOPLISTING encrusted marble ring (120 gold, have
                  | 11).
  1025 | D:2      | 1025 ||| SHOPLISTING murky cyan potion (21 gold, have 11).
  1025 | D:2      | 1025 ||| SHOPLISTING ring mail (96 gold, have 11).
  1025 | D:2      | 1025 ||| SHOPLISTING scroll labelled ZESOIK ACZY (24 gold,
                  | have 11).
  1286 | D:2      | Noticed Terence
  1297 | D:2      | HP: 7/35 [Terence/+0 morningstar of protection (7)]
  1298 | D:2      | 1298 ||| READING scroll of teleportation.
  1464 | D:2      | Reached skill level 3 in Dodging
  1496 | D:2      | HP: 1/35 [Terence/+0 morningstar of protection (11)]
  1500 | D:2      | Mangled by Terence

Levels and vault maps discovered:
D:1:      nzn_arrival_crosshair, layout_loops_ring,
          dilly_ecumenical_altar_fadedgnrine
D:2:      layout_loops_ring, serial_shops, nicolae_shop_getting_attention,
          nicolae_shop_getting_attention, shop, nicolae_shop_crystal,
          nicolae_shop_tiny_glass, minmay_pentomino_u4, uniq_crazy_yiuf_cottage,
          uniq_terence

Skill      XL: |  1  2  3  4 |
---------------+-------------+-----
Ranged Weapons | 4 |  4.0
Fighting       | 3 |  3.0
Dodging        | 3 |  3.0
Stealth        | |  0.7

Action                     |  1- 3 |  4- 6 || total
---------------------------+-------+-------++-------
   Fire: Shortbow          |    87 |    81 ||   168
    Use: Scroll            |       |     2 ||     2
 Armour: Leather armour    |    20 |    36 ||    56
  Dodge: Dodged            |    15 |    41 ||    56

Table legend:
 A = Non-vault XP
 B = Vault XP
 C = Vault XP percentage of total XP
 D = Non-vault monster count
 E = Vault monster count
 F = Vault count percentage of total count
                 A         B        C        D         E       F
            +---------+---------+-------+---------+---------+-------
      Total |     115 |       4 |   3.4 |      51 |       2 |   3.8
            +---------+---------+-------+---------+---------+-------
        D:1 |      78 |       0 |   0.0 |      36 |       0 |   0.0
        D:2 |      37 |       4 |   9.8 |      15 |       2 |  11.8
            +---------+---------+-------+---------+---------+-------
